 Dungeon Crawl Stone Soup version 0.20-a0-972-gb9bd3e6 (webtiles) character file.

24 Lifeless the Magician (level 3, -4/24 HPs)
             Began as a Human Wanderer on Apr 9, 2017.
             Slain by a worm (10 damage)
             ... on level 2 of the Dungeon.
             The game lasted 00:11:51 (1277 turns).

Lifeless the Magician (Human Wanderer)              Turns: 1277, Time: 00:11:52

Health: -4/24      AC:  2    Str: 11    XL:     3   Next: 15%
Magic:  6/8        EV: 11    Int: 15    God:
Gold:   33         SH:  0    Dex: 11    Spells: 7/9 levels left

rFire    . . .     SeeInvis .   h - +2 dagger (elec)
rCold    . . .     Gourm    .   (no shield)
rNeg     . . .     Faith    .   d - +0 robe
rPois    .         Spirit   .   (no helmet)
rElec    .         Reflect  .   (no cloak)
rCorr    .         Harm     .   (no gloves)
MR       .....                  (no boots)
Stlth    +.........             (no amulet)
Regen    0.1/turn               (no ring)
MPRegen  0.2/turn               (no ring)

@: no status effects
A: no striking features
a: no special abilities


You were on level 2 of the Dungeon.
You were not hungry.

You visited 1 branch of the dungeon, and saw 2 of its levels.

You collected 33 gold pieces.

Inventory:

Hand Weapons
 h - a +2 dagger of electrocution (weapon)
Armour
 d - a +0 robe (worn)
Scrolls
 i - 2 scrolls of identify {unknown}
 j - a scroll of immolation {unknown}
Potions
 c - a potion of lignification
 e - a potion of flight {unknown}
 l - a potion of resistance {unknown}
Books
 a - a book of Necromancy

   Spells                             Type                      Level
   a - Pain                           Necromancy                   1
   b - Animate Skeleton               Necromancy                   1
   c - Vampiric Draining              Necromancy                   3
   d - Regeneration                   Charms/Necromancy            3
   e - Animate Dead                   Necromancy                   4
   f - Control Undead                 Necromancy                   4
 b - the Compendium of Hexes

   Spells                             Type                      Level
   a - Confusing Touch                Hexes                        1
   b - Inner Flame                    Hexes/Fire                   3
Comestibles
 f - 3 bread rations
 g - a meat ration
 k - 3 chunks of flesh


   Skills:
 - Level 1.0 Throwing
 + Level 3.5 Spellcasting
   Level 1.0 Conjurations
 + Level 2.6 Necromancy
   Level 1.0 Translocations
   Level 1.0 Ice Magic
   Level 1.0 Evocations


You had 7 spell levels left.
You knew the following spells:

 Your Spells              Type           Power        Failure   Level  Hunger
a - Animate Skeleton      Necr           N/A          8%          1    None
b - Pain                  Necr           ##..         8%          1    None


Dungeon Overview and Level Annotations

Branches:
Dungeon (2/15)

Altars:
Okawaru
Trog


Message History

You hit the worm.
The worm is lightly wounded.
The worm bites you!
You barely miss the worm.
The worm is lightly wounded.
The worm bites you.
* * * LOW HITPOINT WARNING * * *
Casting: Animate Skeleton
Confirm with . or Enter, or press ? or * to list all spells.
Aiming: Pain
Press: ? - help, Shift-Dir - straight line, f - worm
Aim: a worm (chance to defeat MR: 71%)
The worm writhes in agony!
Casting: Pain
Confirm with . or Enter, or press ? or * to list all spells.
Aiming: Pain
Press: ? - help, Shift-Dir - straight line, f/p - worm
Aim: a worm (lightly wounded, chance to defeat MR: 71%)
The worm writhes in agony!
The worm bites you!
You die...

#.........# #.#..#.#.
#.........#######.#..#.##
#.........#.......#..#.#
#.........#.####.....#.#
####'#..#.#....#.##.##.#
#.#..#.#............#
#.#..#.#.##.#.##.####
#.#..#w#....#.##.# #.
#.#..@.######.##.# #.
#.##.### #.##.# #. #.##.#
#Z##.# #. #.##.# #.##Z#
#. #.##.# #Z##.# #.
#.##.# #.##.####.
#.##.########.##......
#.##...ZZ)....#######.
#.############# #.


You could see a worm.

Vanquished Creatures
  A ball python (D:1)
  3 giant cockroaches
  4 goblins
  2 hobgoblins
  5 bats
  A frilled lizard (D:1)
  3 kobolds
  5 rats
24 creatures vanquished.

Notes
Turn   | Place    | Note
-------+----------+-------------------------------------------
     0 | D:1      | Lifeless the Human Wanderer began the quest for the Orb.
     0 | D:1      | Lifeless set off with: a book of Necromancy, the Compendium of Hexes, a potion of lignification, a +0 robe, a +0 club, a bread ration
     0 | D:1      | Reached XP level 1. HP: 13/13 MP: 4/4
     0 | D:1      | Identified the Compendium of Hexes
     2 | D:1      | Learned a level 1 spell: Animate Skeleton
     4 | D:1      | Learned a level 1 spell: Pain
   396 | D:1      | Reached XP level 2. HP: 18/19 MP: 6/6
  1005 | D:2      | Found a bloodstained altar of Trog.
  1007 | D:2      | Found an iron altar of Okawaru.
  1027 | D:2      | Reached XP level 3. HP: 23/24 MP: 7/7
  1277 | D:2      | Slain by a worm

Vault maps used:
D:1:      dpeg_arrival_castle
D:2:      chequers_temple_overflow_statue_of_worship, old_standard_altar,
          nicolae_ru_great_annihilating_truth

Action                   || total
-------------------------++-------
Melee: Dagger            ||    72
 Cast: Pain              ||     6
       Animate Skeleton  ||     2
  Eat: Chunk             ||     1
Armor: Robe              ||    16
Dodge: Dodged            ||    40
